 Dungeon Crawl Stone Soup version 0.31-a0-1227-g0136665373 (webtiles) character file.

Game seed: 11992017043224607644

178 BubbleThief the Ruffian (level 5, -1/36 HPs)
             Began as an Octopode Shapeshifter on Dec 14, 2023.
             Slain by an orc wizard
             ... wielding a +0 dagger
              (2 damage)
             ... on level 4 of the Dungeon.
             The game lasted 00:02:52 (2604 turns).

BubbleThief the Ruffian (Octopode Shapeshifter)     Turns: 2604, Time: 00:02:53

Health: -1/36      AC:  1    Str: 16    XL:     5   Next: 58%
Magic:  5/5        EV: 13    Int: 12    God:
Gold:   33         SH:  0    Dex: 11    Spells: 4/4 levels left

rFire   . .          .
                       - Unarmed
rCold   . . .        (no shield)
rNeg    . . .        (helmet currently unavailable)
rPois   .            (no amulet)
rElec   .            (no ring)
rCorr   .            (no ring)
SInv    .            (no ring)
Will    .....        (no ring)
Stlth   ++           (no ring)
HPRegen 0.26/turn    (no ring)
MPRegen 0.09/turn    (no ring)
                     (no ring)

%: no passive effects
@: confused, beast-form
A: beast (slay +2), almost no armour, amphibious, 8 rings, camouflage 1,
gelatinous body 1, (nimble swimmer 1), tentacles
a: Begin Untransformation


You were on level 4 of the Dungeon.
You were a hulking beast.
You visited 1 branch of the dungeon, and saw 4 of its levels.

You collected 135 gold pieces.
You spent 102 gold pieces at shops.

Inventory:

Missiles
 j - 6 poisoned darts
Jewellery
 l - a ring of fire
Talismans
 b - a beast talisman
 c - a flux talisman
Wands
 q - a wand of flame (17)
Scrolls
 e - a scroll of noise {unknown}
 f - a scroll of amnesia {unknown}
 g - a scroll of revelation {unknown}
 i - 3 scrolls of identify {unknown}
 n - a scroll of teleportation
 o - a scroll of vulnerability {unknown}
Potions
 a - a potion of lignification
 d - 2 potions of heal wounds {unknown}
 h - a potion of curing
 k - a potion of cancellation {unknown}
 m - a potion of magic {unknown}
 p - a potion of berserk rage {unknown}
 r - a potion of enlightenment {unknown}


   Skills:
 + Level 3.1 Fighting
 - Level 2.0 Dodging
 + Level 4.2 Unarmed Combat
 + Level 4.0 Shapeshifting


You had 4 spell levels left.
You didn't know any spells.
Your spell library contained the following spells:

 Spells                   Type           Power      Damage    Failure   Level
 Anguish                  Hex/Necr       0%         N/A       97%         4
 Cause Fear               Hex            0%         N/A       97%         4
 Enfeeble                 Hex            0%         N/A       100%        7


Dungeon Overview and Level Annotations

Branches:
Dungeon (4/15)
 Temple: D:4-7

Altars:
Okawaru
Sif Muna

Shops:
D:2 [[*   D:3 *[?


Innate Abilities, Weirdness & Mutations

You are a hulking beast.
Your limbs bulge with bestial killing power. (Slay +2)
You cannot wear most types of armour.
You are amphibious.
You can wear up to eight rings at the same time.
Your skin changes colour to match your surroundings (Stealth+).
Your rubbery body absorbs attacks. (AC +1, EV +1)
((You are camouflaged when in or above water. (Stealth+)))
You have tentacles for arms and can constrict up to eight enemies at once.


Message History

You start resting.
HP restored.
You climb downwards.
There is a stone staircase leading up here.
Unknown command.
You tentacle-slap the orc wizard. You grab the orc wizard.
The orc wizard is moderately wounded.
You constrict the orc wizard. The orc wizard misses you.
The orc wizard gestures wildly while chanting.
The orc wizard flickers and vanishes!
Deactivating autopickup; reactivate with Ctrl-A.
You tentacle-slap the orc wizard. You grab the orc wizard.
The orc wizard is moderately wounded.
You constrict something.
You constrict the orc wizard, but do no damage.
The orc wizard points at you and mumbles some strange words.
You are confused.
You are too confused!
You are too confused!
You closely miss something. You constrict something.
You constrict the orc wizard. Something hits you.
The orc wizard casts a spell at you. The magic dart hits you!
You release your grip on something.
You release your grip on the orc wizard.
A goblin comes into view. It is wielding a +0 dagger.
The orc wizard hits you with a +0 dagger.
Something hits you. Something hits you.
The orc wizard attacks as it pursues you!
The orc wizard hits you with a +0 dagger.
There is a stone staircase leading up here.
You barely miss the orc wizard. Your squeeze misses the orc wizard.
The orc wizard is moderately wounded.
You hear some strange, mumbled words.
A magic dart appears from out of thin air!
The magic dart hits you!
* * * LOW HITPOINT WARNING * * *
The orc wizard hits you with a +0 dagger.
You die...

.#.....
.......
.......
.......
.......##
##.....#
#......##
#....oh##
##...{..#
##...........
#.....###.g.
#....##.. .
#...... ..?
##..... .....
#.#... .....
###.##. ....


You could see an orc wizard.

Vanquished Creatures
  A scorpion (D:2)
  4 adders
  A worm (D:2)
  4 dart slugs
  12 orcs
  2 endoplasms
  2 giant cockroaches
  4 goblins
  9 hobgoblins
  2 kobolds (D:1)
  3 quokkas (D:2)
  5 ball pythons
  4 bats
  4 frilled lizards
  A rat (D:1)
58 creatures vanquished.

Notes
Turn   | Place    | Note
-------+----------+-------------------------------------------
     0 | D:1      | BubbleThief the Octopode Shapeshifter began the quest for
                  | the Orb.
     0 | D:1      | Reached XP level 1. HP: 13/13 MP: 1/1
   160 | D:1      | Reached XP level 2. HP: 18/18 MP: 2/2
   413 | D:1      | Found a faded altar of an unknown god.
   609 | D:1      | Reached XP level 3. HP: 24/24 MP: 3/3
  1095 | D:2      | Found Zavawetu's Armour Shoppe.
  1228 | D:2      | Found Exuoqig's General Store.
  1237 | D:2      | Bought a potion of curing for 39 gold pieces
  1547 | D:2      | Reached XP level 4. HP: 29/29 MP: 4/4
  1558 | D:2      | Found Itruk's Antique Armour Shoppe.
  1593 | D:2      | Found an iron altar of Okawaru.
  1606 | D:2      | Noticed a scorpion
  1612 | D:2      | Killed a scorpion
  1613 | D:2      | Reached XP level 5. HP: 32/36 MP: 5/5
  2169 | D:3      | Found Ligaineics's Magic Scroll Boutique.
  2177 | D:3      | Bought a scroll of teleportation for 42 gold pieces
  2240 | D:3      | Found Guzolo's Assorted Antiques.
  2250 | D:3      | Bought a glowing brown potion for 21 gold pieces
  2361 | D:3      | Found a shimmering blue altar of Sif Muna.
  2369 | D:3      | Found Najeb's Antique Armour Boutique.
  2604 | D:4      | HP: 1/36 [something/magic dart (10)]
  2604 | D:4      | Slain by an orc wizard

Illustrated notes

Levels and vault maps discovered:
D:1:      evilmike_arrival_plus, layout_loops_corners,
          shapermc_ecumenical_altar_notcrosses
D:2:      minmay_wonky_spiral, layout_basic, serial_shops,
          nicolae_shop_hallway_plus, nicolae_shop_statue_plus, shop, basic_altar
D:3:      layout_rooms, overflow_temple_1_default, serial_shops, shop,
          nicolae_diamond_shop, shop
D:4:      layout_cave_pools

Skill      XL: |  1  2  3  4  5 |
---------------+----------------+-----
Fighting       | 2 3 |  3.1
Unarmed Combat | 4 |  4.2
Shapeshifting  | 4 |  4.0
Dodging        | |  2.0

Action                     |  1- 3 |  4- 6 || total
---------------------------+-------+-------++-------
  Melee: Unarmed           |    72 |    48 ||   120
         Constrict         |    20 |    13 ||    33
         Punch             |     3 |       ||     3
         Tentacles         |     8 |     8 ||    16
   Stab: Sleeping          |     5 |     2 ||     7
         Distracted        |       |     1 ||     1
 Armour: Skin              |    21 |    27 ||    48
  Dodge: Dodged            |    34 |    29 ||    63

Table legend: (Time is in decaauts)
 A = Elapsed time spent in this place.
 B = Non-inter-level travel time spent in this place.
 C = Inter-level travel time spent in this place.
 D = Time resting spent in this place.
 E = Time spent auto-exploring this place.
 F = Levels seen in this place.
 G = Mean time per level.
                   A        B        C        D        E       F      G
               +--------+--------+--------+--------+--------+-----+--------+
         Total |   2597 |   2487 |    110 |     55 |   2064 |   4 |  649.2 |
       Dungeon |   2597 |   2487 |    110 |     55 |   2064 |   4 |  649.2 |
               +--------+--------+--------+--------+--------+-----+--------+

Top non-repeatable levels by time:
     D:2: 1009 daAuts
     D:1: 972 daAuts
     D:3: 600 daAuts
     D:4: 15 daAuts
